 Dungeon Crawl Stone Soup version 0.26-a0-720-g2a1d101370 (webtiles) character file.

Game seed: 11931287496006334973

83151 rywalker the Severer (level 15, -3/150 HPs)
             Began as a Minotaur Fighter on Nov 2, 2020.
             Was a High Priest of the Shining One.
             Splashed by an oklob plant's acid (14 damage)
             ... on level 6 of the Lair of Beasts on Nov 3, 2020.
             The game lasted 00:42:43 (23796 turns).

rywalker the Severer (Minotaur Fighter)            Turns: 23796, Time: 00:42:44

Health: -3/150     AC: 20    Str: 29    XL:     15   Next: 31%
Magic:  30/30      EV:  8    Int:  8    God:    the Shining One [*****.]
Gold:   1509       SH: 11    Dex: 18    Spells: 13/14 levels left

rFire    + + +     SeeInvis .   H - +6 morningstar "Keneicih" {vorpal, rPois rF+ Str+5}
rCold    . . .     Faith    .   c - +0 kite shield
rNeg     + + .     Spirit   .   J - +6 ring mail "Cafoof" {Harm Rampage *Drain rElec rF+}
rPois    +         Reflect  .   Q - +3 hat of Pondering {ponderous, MR+ MP+10 Int+5}
rElec    +         Harm     +   l - +1 cloak
rCorr    .         Rampage  +   S - +2 pair of gloves
MR       ++++.     Rnd*Rage +   u - +1 pair of boots
Stlth    +.........             y - necklace of Bloodlust {*Rage +Rage MR++ Int-3 Slay+6 *Curse}
HPRegen  0.35/turn              C - +6 ring of dexterity
MPRegen  0.22/turn              E - ring of protection from fire

@: corroded, glowing, slow
A: retaliatory headbutt, horns 2
a: Divine Shield, Cleansing Flame, Summon Divine Warrior, Renounce Religion,
Evoke Berserk Rage


You were on level 6 of the Lair of Beasts.
You worshipped the Shining One.
The Shining One was extremely pleased with you.
You visited 4 branches of the dungeon, and saw 23 of its levels.

You collected 1743 gold pieces.
You spent 234 gold pieces at shops.

Inventory:

Hand Weapons
 H - the +6 morningstar "Keneicih" (weapon) {vorpal, rPois rF+ Str+5}
   (You bought it in a shop on level 7 of the Dungeon)

   It inflicts extra damage upon your enemies.
   It affects your strength (+5).
   It protects you from fire.
   It protects you from poison.
 O - a +3 vorpal war axe
Missiles
 r - 2 javelins (quivered)
 B - 7 boomerangs
Armour
 c - a +0 kite shield (worn)
 l - a +1 cloak (worn)
 u - a +1 pair of boots (worn)
 J - the +6 ring mail "Cafoof" (worn) {Harm Rampage *Drain rElec rF+}
   (You found it on level 7 of the Dungeon)

   It protects you from fire.
   It insulates you from electricity.
   It causes draining when unequipped.
   It increases damage dealt and taken.
   It bestows one free step when moving towards enemies.
 Q - the +3 hat of Pondering (worn) {ponderous, MR+ MP+10 Int+5}
   (You took it off Gastronok on level 11 of the Dungeon)

   It affects your intelligence (+5).
   It affects your resistance to hostile enchantments.
   It affects your magic capacity (+10).
 S - a +2 pair of gloves (worn)
Jewellery
 q - a +4 ring of evasion
 s - a +4 ring of protection {unknown}
 w - an uncursed ring of positive energy
 y - the necklace of Bloodlust (around neck) {*Rage +Rage MR++ Int-3 Slay+6 *Curse}
   (You found it on level 5 of the Dungeon)

   [amulet of nothing]

   It affects your intelligence (-3).
   It affects your accuracy and damage with ranged weapons and melee attacks
   (+6).
   It affects your resistance to hostile enchantments.
   It lets you go berserk.
   It may make you go berserk in combat.
   It curses itself when equipped.
 A - a +6 ring of intelligence {unknown}
 C - a +6 ring of dexterity (left hand)
 E - a ring of protection from fire (right hand)
 I - an uncursed ring of protection from magic
 T - an uncursed ring of see invisible
Wands
 p - a wand of flame (39)
 v - a wand of enslavement (27)
 x - a wand of iceblast (11)
 z - a wand of paralysis (23)
 L - a wand of acid (22)
 N - a wand of digging (5)
 Y - a wand of polymorph (8)
Scrolls
 a - a scroll of fog
 f - 12 scrolls of remove curse
 h - 15 scrolls of identify
 j - 4 scrolls of noise
 n - 9 scrolls of teleportation
 t - 5 scrolls of enchant weapon
 D - a scroll of immolation
 G - 2 scrolls of brand weapon
 P - 7 scrolls of magic mapping {unknown}
 U - a scroll of acquirement {unknown}
 Z - a scroll of holy word {unknown}
Potions
 b - 4 potions of mutation
 d - 5 potions of might
 e - 6 potions of haste {unknown}
 g - 4 potions of lignification {unknown}
 i - 8 potions of heal wounds
 k - 11 potions of curing {unknown}
 m - 4 potions of flight {unknown}
 o - 4 potions of brilliance {unknown}
 F - a potion of experience {unknown}
 K - 6 potions of magic {unknown}
 R - a potion of ambrosia {unknown}
 V - a potion of degeneration {unknown}
 W - a potion of cancellation {unknown}


   Skills:
 + Level 18.7 Fighting
 + Level 20.5 Axes
 + Level 10.7 Armour
 - Level 3.9 Shields
 + Level 8.3 Invocations


You had 13 spell levels left.
You knew the following spells:

 Your Spells              Type           Power        Failure   Level
a - Apportation           Tloc           #.....       94%         1

Your spell library contained the following spells:

 Spells                   Type           Power        Failure   Level
 Animate Skeleton         Necr           #.....       94%         1
 Freeze                   Ice            #...         94%         1
 Pain                     Necr           #...         94%         1
 Shock                    Conj/Air       #...         94%         1
 Summon Small Mammal      Summ           #...         94%         1
 Call Imp                 Summ           #.......     98%         2
 Swiftness                Air            #.......     98%         2
 Call Canine Familiar     Summ           #.......     100%        3
 Frozen Ramparts          Ice            #.....       100%        3
 Lesser Beckoning         Tloc           #.........   100%        3
 Ozocubu's Armour         Ice            #.......     100%        3
 Static Discharge         Conj/Air       #.......     100%        3
 Summon Guardian Golem    Hex/Summ       #.......     100%        3
 Tukima's Dance           Hex            #.......     100%        3
 Vampiric Draining        Necr           #.........   100%        3
 Airstrike                Air            #.........   100%        4
 Animate Dead             Necr           #.........   100%        4
 Hailstorm                Conj/Ice       #.......     100%        4
 Ice Form                 Ice/Tmut       #.......     100%        4
 Summon Ice Beast         Ice/Summ       #.......     100%        4
 Summon Lightning Spire   Summ/Air       #.......     100%        4
 Agony                    Necr           #.......     100%        5
 Alistair's Intoxication  Tmut/Pois      #........    100%        5
 Bolt of Magma            Conj/Fire/Erth #.........   100%        5
 Iskenderun's Battlesphe  Conj           #.......     100%        5
 Lightning Bolt           Conj/Air       #.........   100%        5
 Invisibility             Hex            #.......     100%        6
 Iron Shot                Conj/Erth      #.........   100%        6
 Ozocubu's Refrigeration  Ice            #.........   100%        6
 Malign Gateway           Summ/Tloc      #.........   100%        7
 Orb of Destruction       Conj           #.........   100%        7
 Spellforged Servitor     Conj/Summ      #.........   100%        7


Dungeon Overview and Level Annotations

Branches:
Dungeon (15/15)            Temple (1/1) D:5            Lair (6/6) D:10
 Shoals (0/4) Lair:4        Snake (1/4) Lair:3        Slime (0/5) Lair:5
    Orc (0/2) D:11         Vaults (0/5) D:14
 Depths: D:15

Altars:
Ashenzari
Cheibriados
Dithmenos
Elyvilon
Fedhas
Gozag
Hepliaklqana
Kikubaaqudgha
Makhleb
Nemelex Xobeh
Okawaru
Qazlal
Ru
Sif Muna
Trog
Uskayaw
Vehumet
Wu Jian
Xom
Yredelemnul
Zin
The Shining One
Jiyva

Shops:
D:7 (((   D:10 [   D:14 :

Annotations:
D:4 Edmund
Lair:6 exclusion: 4 oklob plants


Innate Abilities, Weirdness & Mutations

You reflexively headbutt those who attack you in melee.
You have a pair of horns on your head.


Message History

The splash of acid hits you!
You are splashed with acid!
The oklob plant spits acid at you. The splash of acid hits you!
The acid corrodes you!
You are splashed with acid!
The oklob plant spits acid at you. The splash of acid hits you!
* * * LOW HITPOINT WARNING * * *
The acid corrodes you!
You are splashed with acid!
* * * LOW HITPOINT WARNING * * *
You see here 23 gold pieces.
Unknown command.
Okay, then.
The oklob plant spits acid at you. The splash of acid hits you.
* * * LOW HITPOINT WARNING * * *
You are splashed with acid!
* * * LOW HITPOINT WARNING * * *
The oklob plant spits acid at you.
The splash of acid hits you but does no damage.
You are splashed with acid!
You die...

#.........#.......
##................
#................
#######......##......
#$P.?:....#..##......
#?$........#..#......
#!.P!................
#.P..$...............
#.P.@................
#######.#...#........
#...####.###......
##...###.####......
#.#.###....#.#.....
##..##P..P.........
##..#.PP....#.....
#..###.P...##.....
##.###..####......


You could see 4 oklob plants.

Vanquished Creatures
  Jorgrun (D:14)
  Gastronok (D:11)
  A fire giant (D:15)
  A dire elephant (Lair:3)
  5 hydras
  An ice dragon (D:14)
  Harold (D:9)
  A catoblepas (Lair:5)
  2 centaur warriors (D:14)
  6 death yaks
  A two-headed ogre (D:14)
  2 tengu warriors (D:13)
  Urug (Lair:2)
  A shadow wraith (D:14)
  5 skeletal warriors (D:14)
  A wizard (D:11)
  A lindwurm (Lair:3)
  2 deep elf magi
  A cyclops (D:14)
  3 black mambas
  25 elephants
  3 ugly things
  A merfolk siren (Lair:4)
  25 cane toads
  Maggie (D:7)
  2 gargoyles
  4 kobold demonologists
  4 centaur skeletons
  2 rime drakes
  An efreet (D:13)
  13 komodo dragons
  2 trolls
  2 polar bears
  4 tyrant leeches (Lair:6)
  Prince Ribbit (D:7)
  A hornet (D:13)
  27 blink frogs
  13 dream sheep
  4 spriggans
  2 wraiths
  Sigmund (D:2)
  Eustachio (D:6)
  A water elemental (D:11)
  A yak (shapeshifter) (D:14)
  45 yaks
  3 basilisks
  4 wyverns
  6 vampire mosquitoes
  A steam dragon (D:10)
  A soldier ant (D:9)
  2 hell hounds (Lair:5)
  2 acid dragons
  20 water moccasins
  3 ice beasts
  5 orc warriors
  5 sky beasts
  3 ogres
  4 phantoms
  An eye of draining (shapeshifter) (D:14)
  A necrophage (D:11)
  33 wolves
  10 centaurs
  An eye of draining (D:8)
  18 big kobolds
  24 bullfrogs
  3 scorpions
  8 killer bees
  17 wights
  3 electric eels
  3 vampire bats (D:3)
  3 howler monkeys (D:13)
  3 centaur zombies
  A quasit (D:14)
  3 jellies
  5 hounds
  3 bullfrog zombies
  3 orc priests
  11 orc wizards
  15 iguanas
  Ijyb (D:2)
  10 worker ants
  A howler monkey skeleton (D:4)
  Robin (D:3)
  4 gnolls (D:4)
  9 adders
  4 shadow imps
  3 white imps
  2 worms
  14 leopard geckos
  46 orcs
  3 ball pythons (D:1)
  6 giant cockroaches
  15 goblins
  9 hobgoblins
  15 jackals
  7 quokkas
  13 bats
  11 frilled lizards
  A jackal skeleton (D:6)
  41 kobolds
  8 rats
  A fungus (Lair:6)
677 creatures vanquished.

Vanquished Creatures (others)
  3 bushes (D:10)
  115 fungi
  211 plants
329 creatures vanquished.

Grand Total: 1006 creatures vanquished

Notes
Turn   | Place    | Note
-------+----------+-------------------------------------------
     0 | D:1      | rywalker the Minotaur Fighter began the quest for the Orb.
     0 | D:1      | Reached XP level 1. HP: 19/19 MP: 0/0
   187 | D:1      | Reached XP level 2. HP: 25/27 MP: 1/1
   487 | D:1      | Reached skill level 3 in Axes
   595 | D:1      | Reached XP level 3. HP: 33/33 MP: 2/2
  1179 | D:2      | Found a bloodstained altar of Trog.
  1180 | D:2      | Found an iron altar of Okawaru.
  1180 | D:2      | Found an opulent altar of Gozag.
  1182 | D:2      | Found a glowing silver altar of Zin.
  1182 | D:2      | Found a shimmering altar of Xom.
  1337 | D:2      | Reached skill level 4 in Axes
  1375 | D:2      | Noticed Sigmund
  1419 | D:2      | Killed Sigmund
  1419 | D:2      | Reached skill level 6 in Axes
  1419 | D:2      | Reached XP level 4. HP: 23/40 MP: 3/3
  1419 | D:2      | Reached XP level 5. HP: 27/46 MP: 4/4
  1699 | D:3      | Found a burning altar of Makhleb.
  1713 | D:3      | Noticed Ijyb
  1890 | D:2      | Killed Ijyb
  1890 | D:2      | Reached skill level 7 in Axes
  2065 | D:3      | Reached XP level 6. HP: 52/52 MP: 5/5
  2292 | D:3      | Reached skill level 8 in Axes
  2333 | D:3      | Noticed Robin
  2581 | D:3      | Killed Robin
  2709 | D:3      | Found an ornate altar of the Wu Jian Council.
  2778 | D:3      | Found a broken altar of Ashenzari.
  3165 | D:4      | Noticed Edmund
  3783 | D:4      | Reached XP level 7. HP: 58/58 MP: 6/6
  4040 | D:5      | Entered Level 5 of the Dungeon
  4054 | D:5      | Reached skill level 9 in Axes
  4162 | D:5      | Found a staircase to the Ecumenical Temple.
  4176 | Temple   | Entered the Ecumenical Temple
  4393 | D:5      | Found the cursed necklace of Bloodlust {*Rage +Rage MR++
                  | Int-3 Slay+6 *Curse}
  4531 | D:5      | You fall into a shaft and drop 3 floors!
  4543 | D:8      | Reached skill level 10 in Axes
  4747 | D:6      | Reached XP level 8. HP: 59/66 MP: 7/7
  4750 | D:6      | Reached skill level 11 in Axes
  4834 | D:6      | Found a basalt altar of Yredelemnul.
  4999 | D:5      | Found a white marble altar of Elyvilon.
  5043 | D:5      | Reached skill level 5 in Fighting
  5131 | D:5      | Found an ornate altar of the Wu Jian Council.
  5466 | D:6      | Noticed Eustachio
  5476 | D:6      | Killed Eustachio
  5781 | D:6      | Found a snail-covered altar of Cheibriados.
  5796 | D:6      | Reached skill level 12 in Axes
  5904 | D:6      | Got a sheer robe
  6040 | D:7      | Found Rax Agh's Antique Weapon Boutique.
  6316 | D:7      | Reached XP level 9. HP: 79/79 MP: 8/8
  6365 | D:7      | Found Tazxiba's Antique Weapon Shoppe.
  6373 | D:7      | Bought a warped morningstar for 234 gold pieces
  6377 | D:7      | Noticed Maggie
  6387 | D:7      | Killed Maggie
  6394 | D:7      | Identified the +6 morningstar "Keneicih" {vorpal, rPois rF+
                  | Str+5} (You bought it in a shop on level 7 of the Dungeon)
  6445 | D:7      | Got a twisted ring mail
  6456 | D:7      | Identified the +6 ring mail "Cafoof" {Harm Rampage *Drain
                  | rElec rF+} (You found it on level 7 of the Dungeon)
  6480 | D:7      | Found a glowing golden altar of the Shining One.
  6547 | D:7      | Found Yddoxoif's Antique Weapon Emporium.
  6746 | D:8      | Noticed Prince Ribbit
  7205 | D:7      | Killed Prince Ribbit
  7205 | D:7      | Reached skill level 13 in Axes
  7396 | D:8      | Found a stormy altar of Qazlal.
  7759 | D:8      | Noticed a kobold demonologist
  7768 | D:8      | Killed a kobold demonologist
  7768 | D:8      | Reached skill level 10 in Fighting
  7768 | D:8      | Reached XP level 10. HP: 92/93 MP: 9/9
  7774 | D:8      | Reached skill level 14 in Axes
  8350 | D:9      | Noticed Harold
  8358 | D:9      | Killed Harold
  8728 | D:10     | Entered Level 10 of the Dungeon
  8785 | D:10     | Reached skill level 15 in Axes
  9283 | D:10     | Reached XP level 11. HP: 101/105 MP: 10/10
  9311 | D:10     | Found Maenuafosi's Armour Emporium.
  9571 | D:10     | Found a staircase to the Lair.
  9671 | D:7      | Became a worshipper of the Shining One
  9860 | D:10     | Reached skill level 16 in Axes
 10887 | D:11     | Noticed a wizard
 10890 | D:11     | Killed a wizard
 10890 | D:11     | Reached * piety under the Shining One
 10892 | D:11     | Noticed Gastronok
 10897 | D:11     | Killed Gastronok
 11014 | D:11     | Found a staircase to the Orcish Mines.
 11086 | D:11     | Noticed a red ugly thing
 11092 | D:11     | Killed a red ugly thing
 11423 | D:12     | Identified Akotuca's Incunabulum of Creation and Cold
 11473 | D:12     | Noticed a four-headed hydra
 11476 | D:12     | Killed a four-headed hydra
 11476 | D:12     | Reached skill level 17 in Axes
 11476 | D:12     | Reached XP level 12. HP: 103/118 MP: 11/11
 12184 | D:13     | Noticed a tengu warrior
 12184 | D:13     | Noticed a tengu warrior
 12191 | D:13     | Killed a tengu warrior
 12199 | D:13     | Killed a tengu warrior
 12489 | D:13     | Noticed a seven-headed hydra
 12494 | D:13     | Killed a seven-headed hydra
 12494 | D:13     | Reached skill level 15 in Fighting
 12596 | D:13     | Reached ** piety under the Shining One
 13092 | D:14     | Reached skill level 18 in Axes
 13633 | D:14     | Noticed a two-headed ogre
 13637 | D:14     | Killed a two-headed ogre
 13717 | D:14     | Reached XP level 13. HP: 130/130 MP: 12/12
 13775 | D:14     | Found Beulagg's Book Boutique.
 13970 | D:14     | Reached *** piety under the Shining One
 14037 | D:14     | Found a gate to the Vaults.
 14394 | D:15     | Entered Level 15 of the Dungeon
 14407 | D:15     | Found a burning altar of Makhleb.
 14412 | D:15     | Noticed a cacodemon
 14421 | D:15     | Noticed Jorgrun
 14424 | D:15     | Noticed a fire giant
 14773 | D:14     | Killed Jorgrun
 14773 | D:14     | Reached skill level 19 in Axes
 14773 | D:14     | Reached skill level 1 in Invocations
 14827 | D:15     | Killed a fire giant
 14827 | D:15     | Reached skill level 5 in Armour
 15104 | Lair:1   | Entered Level 1 of the Lair of Beasts
 15924 | Lair:2   | Reached **** piety under the Shining One
 16046 | Lair:2   | Noticed Urug
 16058 | Lair:2   | Killed Urug
 17365 | Lair:3   | Reached XP level 14. HP: 140/140 MP: 16/16
 17486 | Lair:3   | Reached skill level 5 in Invocations
 17492 | Lair:3   | Found a staircase to the Snake Pit.
 17681 | Lair:3   | Found an ancient bone altar of Kikubaaqudgha.
 18700 | Snake:1  | Entered Level 1 of the Snake Pit
 18931 | Lair:4   | Found a staircase to the Shoals.
 19845 | Lair:4   | Reached skill level 20 in Axes
 20405 | Lair:5   | Found a viscous altar of Jiyva.
 20406 | Lair:5   | Found a staircase to the Slime Pits.
 20721 | Lair:5   | Reached ***** piety under the Shining One
 21077 | Lair:6   | Entered Level 6 of the Lair of Beasts
 21290 | Lair:6   | Reached skill level 10 in Armour
 21295 | Lair:6   | Reached XP level 15. HP: 58/150 MP: 19/19
 23794 | Lair:6   | Learned a level 1 spell: Apportation
 23796 | Lair:6   | Splashed by an oklob plant's acid

Illustrated notes

Levels and vault maps discovered:
D:1:      wander_arrival_chamber, layout_basic, st_stairs_4
D:2:      layout_basic, grunt_temple_overflow_open, nrook_campfire, uniq_sigmund
D:3:      layout_basic, overflow_temple_1_default, overflow_temple_1_default,
          roderic_batcave, kennysheep_donut, lemuel_statue_altar, uniq_robin,
          uniq_ijyb
D:4:      layout_basic, uniq_edmund
D:5:      layout_loops_ring, elyvilon_altar_3, kennysheep_mini_moat,
          minmay_temple_entry_crystal_x
D:6:      layout_layer_cave, basic_altar, grunt_decor_fettered,
          cheibrodos_worm_habitat, uniq_eustachio
D:7:      layout_basic, old_standard_altar, serial_shops, shop,
          nicolae_shop_competitors_out_of_business, shop, uniq_maggie
D:8:      layout_basic, overflow_temple_1_default, special_room
          [special_room_kobold], minmay_tree_intersection, uniq_prince_ribbit1
D:9:      layout_loops_ring, uniq_harold
D:10:     lemuel_reptile_caves, layout_loops_ring, minmay_lair_entry_grove,
          serial_shops, nicolae_shop_crystal, st_stairs_5
D:11:     layout_roguey, orc_0_dummy, minivault_14, uniq_gastronok
D:12:     layout_basic, minmay_door_square
D:13:     layout_long_grid
D:14:     layout_basic, david_vaults_4, serial_shops, nicolae_shop_crystal
D:15:     grunt_enter_depths_giant_problem, layout_stronghold,
          minmay_misc_feat_hallway, makhleb_altar_promises_db, uniq_jorgrun
Temple:   jpeg_temple_clearing
Lair:1:   layout_loops_ring
Lair:2:   layout_hall_layers, uniq_urug
Lair:3:   mu_elephants_graveyard, layout_gridlike,
          nicolae_lair_grove_arrangements, serial_bayou_lagoon_a,
          lemuel_centaur_altar
Lair:4:   layout_roguey, minmay_shoals_entry_lonely_mermaid, lemuel_fruit_tree
Lair:5:   wad_woods_settlement, layout_big_grid, slime_altar_1, enter_volcano_3
Lair:6:   minmay_lair_end_frog_pond, layout_regular_city, st_stairs_12,
          minmay_lair_oklob_chamber
Snake:1:  layout_basic, grunt_ministairs_9, uniq_roxanne

Skill      XL: |  1  2  3  4  5  6  7  8  9 10 11 12 13 14 15 |
---------------+----------------------------------------------+-----
Axes           | 3 6 7 8 10 12 13 15 17 18 19 20 | 20.5
Fighting       | 7 10 12 14 16 17 18 | 18.7
Armour         | 7 10 | 10.7
Invocations    | 4 7 8 |  8.3
Shields        | |  3.9

Action                   |  1- 3 |  4- 6 |  7- 9 | 10-12 | 13-15 || total
-------------------------+-------+-------+-------+-------+-------++-------
Melee: War axe           |   110 |   157 |   136 |       |       ||   403
       Headbutt          |    12 |    17 |    33 |    71 |   133 ||   266
       Morningstar       |       |       |    55 |   337 |   487 ||   879
Throw: Javelin           |       |       |     1 |     2 |       ||     3
Invok: Divine Shield     |       |       |       |       |     2 ||     2
Evoke: Wand              |       |       |       |       |    27 ||    27
  Use: Scroll            |       |       |       |     9 |    10 ||    19
Armor: Scale mail        |    48 |    95 |    21 |       |       ||   164
       Plate armour      |       |       |    24 |       |       ||    24
       Ring mail         |       |       |    21 |   141 |   242 ||   404
Dodge: Dodged            |    19 |    59 |    43 |    89 |   151 ||   361
Block: Kite shield       |    66 |   116 |    83 |   143 |   260 ||   668

Table legend: (Time is in decaauts)
 A = Elapsed time spent in this place.
 B = Non-inter-level travel time spent in this place.
 C = Inter-level travel time spent in this place.
 D = Time resting spent in this place.
 E = Time spent auto-exploring this place.
 F = Levels seen in this place.
 G = Mean time per level.
                   A        B        C        D        E       F      G
               +--------+--------+--------+--------+--------+-----+--------+
         Total |  24962 |  23727 |   1235 |   6424 |  13794 |  23 | 1085.3 |
       Dungeon |  15554 |  14630 |    924 |   3087 |   9145 |  15 | 1036.9 |
        Temple |    154 |    142 |     12 |      0 |    141 |   1 |  154.0 |
          Lair |   9249 |   8950 |    299 |   3336 |   4508 |   6 | 1541.5 |
     Snake Pit |      3 |      3 |      0 |      0 |      0 |   1 |    3.0 |
               +--------+--------+--------+--------+--------+-----+--------+

Top non-repeatable levels by time:
  Lair:6: 2312 daAuts
  Lair:3: 1951 daAuts
    D:14: 1745 daAuts
    D:10: 1681 daAuts
  Lair:5: 1667 daAuts
  Lair:2: 1537 daAuts
     D:1: 1166 daAuts
     D:7: 1159 daAuts
     D:6: 1120 daAuts
    D:13: 1116 daAuts
     D:2: 1055 daAuts
     D:3: 1052 daAuts
     D:9: 1002 daAuts
    D:12: 991 daAuts
  Lair:4: 985 daAuts
